 Dungeon Crawl Stone Soup version 0.31-a0-145-g046c7d2549 (console) character file.

Game seed: 16519030899937354020

15545 jejorda2 the Carver (level 12, 0/159 HPs)
             Began as a Green Draconian Berserker on June 6, 2023.
             Was an Elder of Trog.
             Slain by Urug
             ... wielding a +2 vampiric scimitar
              (10 damage)
             ... on level 11 of the Dungeon.
             The game lasted 00:34:38 (10749 turns).

jejorda2 the Carver (Green Draconian Berserker)    Turns: 10749, Time: 00:34:39

Health: 0/159      AC: 13    Str: 20    XL:     12   Next: 2%
Magic:  12/12      EV: 14    Int:  8    God:    Trog [****..]
Gold:   888        SH:  9    Dex: 15    Spells: 11/11 levels left

rFire   . . .        a - +0 long sword
rCold   . . .        E - +3 warlock's mirror {omnireflect}
rNeg    . . .        (body armour unavailable)
rPois   +            (helmet restricted)
rElec   .            C - +0 cloak
rCorr   .            k - +2 pair of gloves
SInv    .            t - +0 pair of boots
Will    .....        g - amulet of regeneration Stlth
                     (no ring)
HPRegen 1.26/turn    (no ring)
MPRegen 0.13/turn

%: reflection
@: berserking (expiring), very quick
A: breathe noxious fumes, AC +8, unfitting armour, poison resistance,
cold-blooded
a: Breathe Noxious Fumes, Renounce Religion, Berserk, Trog's Hand, Brothers in
Arms


You were on level 11 of the Dungeon.
You worshipped Trog.
Trog was greatly pleased with you.
You visited 1 branch of the dungeon, and saw 11 of its levels.
You also visited: Sewer.

You collected 888 gold pieces.

Inventory:

Hand Weapons
 a - a +0 long sword (weapon)
 b - a +0 dagger of draining
Missiles
 e - 109 stones
 h - 5 throwing nets
 m - 61 poisoned darts
 s - 4 curare-tipped darts
 w - 8 boomerangs
Armour
 k - a +2 pair of gloves (worn)
 t - a +0 pair of boots (worn)
 C - a +0 cloak (worn)
 E - the +3 warlock's mirror (worn) {omnireflect}
   (You found it on level 11 of the Dungeon)

   Omnireflect: It can block and reflect piercing ranged attacks and magical
   attacks against the wielder's willpower.
Jewellery
 g - an amulet of regeneration (around neck)
Wands
 d - a wand of acid (10)
 r - a wand of iceblast (12)
 u - a wand of polymorph (8)
 y - a wand of charming (11)
Scrolls
 i - 4 scrolls of identify
 n - a scroll of fear
 o - 3 scrolls of immolation
 A - a scroll of fog
 D - a scroll of teleportation
 F - a scroll of enchant weapon
Potions
 c - a potion of invisibility
 f - 8 potions of curing
 l - 3 potions of attraction
 p - 4 potions of haste
 q - a potion of might
 v - 2 potions of cancellation
 x - a potion of berserk rage
 z - a potion of enlightenment
Miscellaneous
 B - a phial of floods


   Skills:
 - Level 10.0 Fighting
 - Level 14.0 Long Blades
 - Level 6.0 Throwing
 + Level 5.1 Dodging
 + Level 4.4 Stealth
 - Level 8.0 Shields
 + Level 2.3 Evocations


You had 11 spell levels left.
You didn't know any spells.
Your spell library was empty.

Dungeon Overview and Level Annotations

Branches:
Dungeon (11/15)            Temple (0/1) D:4            Lair (0/5) D:9
  Sewer (visited)
    Orc: D:9-12

Altars:
Cheibriados
Elyvilon
Fedhas
Gozag
Hepliaklqana
Kikubaaqudgha
Makhleb
Okawaru
Ru
Sif Muna
Trog
Vehumet
Wu Jian
Xom
Yredelemnul
Jiyva

Shops:
D:2 =

Annotations:
D:7 2 transporters
D:8 exclusion: door
D:10 2 runed translucent doors, exclusion: 2 doors, benadryl's ghost, novice DgCj
D:11 3 runed translucent doors, Darkkill's ghost, journeyman MiHu; Urug


Innate Abilities, Weirdness & Mutations

You can breathe blasts of noxious fumes.
Your lurid green scales are hard. (AC +8)
You cannot fit into any form of body armour.
Your system is resistant to poisons. (rPois)
You are cold-blooded and may be slowed by cold attacks.


Message History

You barely miss Urug. You tail-slap Urug.
Urug is moderately wounded.
You hit Urug but do no damage.
Urug is moderately wounded.
Urug misses you.
You hit Urug.
Urug is moderately wounded.
You barely miss Urug.
Urug is moderately wounded.
Urug hits you with a +2 vampiric scimitar!
Urug draws strength from your wounds!
You slash Urug!
Urug is moderately wounded.
You barely miss Urug.
Urug is moderately wounded.
You block Urug's attack.
You hit Urug but do no damage.
Urug is moderately wounded.
Urug screams, "Revenge!"
Urug hits you with a +2 vampiric scimitar!!
* * * LOW HITPOINT WARNING * * *
Urug draws strength from your wounds!
You slash Urug!
Urug is moderately wounded.
You hit Urug.
Urug is moderately wounded.
You block Urug's attack.
You closely miss Urug.
Your tail-slap misses Urug.
Urug is moderately wounded.
You barely miss Urug.
Urug is moderately wounded.
Urug hits you with a +2 vampiric scimitar!!
* * * LOW HITPOINT WARNING * * *
Urug draws strength from your wounds!
You closely miss Urug.
Urug is lightly wounded.
You barely miss Urug.
Urug is lightly wounded.
Urug hits you with a +2 vampiric scimitar!
You die...

#######
#####################
......#
#....................
......#
#....................
......#
#....................
......#
#....................
......#
#..o.................
......#
#...@......##########
......#
#.....######........#
......# ...).......
......... ......#
............. .........
#######
.".#....................
#.....# ..
#....................
#..<..# .
##########.#########.
#.....# .. #... #.....#
#...


You could see Urug.

Vanquished Creatures
  Harold (D:11)
  A two-headed ogre (D:11)
  Amaemon (D:11)
  4 wizards (D:11)
  An ugly thing (D:11)
  A cyclops (D:11)
  Maurice (D:11)
  Joseph (D:9)
  An orange demon (D:11)
  The ghost of deremet the Stinger, a novice FoVM of Dithmenos (D:4)
  Maggie (D:7)
  A kobold demonologist (D:11)
  3 trolls
  A hornet (D:9)
  Prince Ribbit (D:7)
  A shadow (D:9)
  4 wyverns
  18 yaks
  Menkaure (D:7)
  3 water moccasins
  An orc warrior (D:10)
  A black bear (D:6)
  6 centaurs
  A phantom (D:5)
  4 kobold brigands
  2 scorpions
  12 wights
  12 killer bees
  A howler monkey (D:4)
  3 hounds
  An orc priest (D:9)
  2 sleepcaps
  8 iguanas
  3 gnoll boudas
  12 orc wizards
  14 gnolls
  2 river rats (Sewer)
  11 adders
  4 shadow imps
  3 worms
  2 dart slugs (D:5)
  29 orcs
  5 bats
  9 endoplasms
  7 giant cockroaches
  8 hobgoblins
  5 jackals
  3 quokkas (D:4)
  2 ball pythons (D:1)
  A frilled lizard (D:2)
  7 goblins
  40 kobolds
  15 rats
  A spectral orc (D:3)
284 creatures vanquished.

Vanquished Creatures (others)
  3 wizards (D:11)
3 creatures vanquished.

Grand Total: 287 creatures vanquished

Notes
Turn   | Place    | Note
-------+----------+-------------------------------------------
     0 | D:1      | jejorda2 the Draconian Berserker began the quest for the
                  | Orb.
     0 | D:1      | Reached XP level 1. HP: 19/19 MP: 1/1
   104 | D:1      | Reached XP level 2. HP: 18/26 MP: 2/2
   738 | D:2      | Reached ** piety under Trog
   739 | D:2      | Reached XP level 3. HP: 19/33 MP: 3/3
   841 | D:2      | Reached skill level 4 in Long Blades
   909 | D:2      | Found Ipluena's Jewellery Boutique.
  1427 | D:2      | Reached XP level 4. HP: 40/40 MP: 4/4
  2035 | D:3      | Found an ancient bone altar of Kikubaaqudgha.
  2271 | D:3      | Found a basalt altar of Yredelemnul.
  2386 | D:3      | Found a bloodstained altar of Trog.
  2707 | D:4      | Found a runed translucent gate.
  2707 | D:4      | Found a runed translucent gate.
  2707 | D:4      | Found a runed translucent gate.
  2726 | D:4      | Reached skill level 5 in Long Blades
  2726 | D:4      | Reached XP level 5. HP: 47/47 MP: 5/5
  2732 | D:4      | Reached skill level 1 in Throwing
  2736 | D:4      | Noticed deremet's ghost (novice FoVM)
  2804 | D:4      | Found a glowing drain.
  2880 | Sewer    | Entered a sewer
  3146 | Sewer    | Reached skill level 5 in Fighting
  3146 | Sewer    | Reached XP level 6. HP: 42/56 MP: 6/6
  3257 | Sewer    | Reached *** piety under Trog
  3415 | Sewer    | Reached skill level 13 in Long Blades
  3415 | Sewer    | Your scales start taking on a lurid green colour.
  3415 | Sewer    | Reached XP level 7. HP: 61/61 MP: 7/7
  3415 | Sewer    | Gained mutation: Your system is resistant to poisons.
                  | (rPois) [Green Draconian growth]
  3567 | D:4      | Found an ornate altar of the Wu Jian Council.
  3824 | D:4      | Found a staircase to the Ecumenical Temple.
  3971 | D:4      | Killed deremet's ghost
  3978 | D:4      | Reached XP level 8. HP: 64/67 MP: 8/8
  4076 | D:4      | Identified a scroll of acquirement
  4076 | D:4      | Acquired the +0 buckler of the Locust {rPois rN++ Regen+
                  | Str-2}
  4105 | D:5      | Entered Level 5 of the Dungeon
  4127 | D:5      | Found a burning altar of Makhleb.
  4428 | D:5      | Reached skill level 1 in Shields
  4548 | D:5      | Reached **** piety under Trog
  4549 | D:5      | Reached skill level 14 in Long Blades
  4637 | D:5      | Found a blossoming altar of Fedhas.
  4836 | D:5      | Noticed an Executioner
  4840 | D:5      | Noticed a smoke demon
  4840 | D:5      | Noticed an orange demon
  5139 | D:6      | Found a sacrificial altar of Ru.
  5299 | D:6      | Reached XP level 9. HP: 75/75 MP: 9/9
  6001 | D:7      | Found an opulent altar of Gozag.
  6082 | D:7      | Found a white marble altar of Elyvilon.
  6149 | D:7      | Noticed Menkaure
  6156 | D:7      | Killed Menkaure
  6227 | D:7      | Noticed Maggie
  6228 | D:7      | Noticed Prince Ribbit
  6240 | D:7      | Killed Maggie
  6248 | D:7      | Killed Prince Ribbit
  6331 | D:7      | Noticed a kobold demonologist
  6332 | D:7      | Found a transporter.
  6336 | D:7      | Found a transporter.
  6346 | D:7      | Noticed an orc sorcerer
  6552 | D:8      | Reached XP level 10. HP: 83/86 MP: 8/10
  6701 | D:8      | Reached skill level 5 in Throwing
  6717 | D:8      | Found a shimmering blue altar of Sif Muna.
  6885 | D:8      | Found a radiant altar of Vehumet.
  7042 | D:8      | Found a shimmering altar of Xom.
  7045 | D:8      | Found a shimmering altar of Xom.
  7046 | D:8      | Found a shimmering altar of Xom.
  7046 | D:8      | Found a shimmering altar of Xom.
  7047 | D:8      | Found a shimmering altar of Xom.
  7047 | D:8      | Found a shimmering altar of Xom.
  7048 | D:8      | Found a shimmering altar of Xom.
  7252 | D:9      | Reached skill level 5 in Shields
  7445 | D:9      | Found an iron altar of Okawaru.
  7754 | D:9      | Found a staircase to the Lair.
  7906 | D:9      | Noticed Joseph
  7925 | D:9      | Killed Joseph
  8177 | D:9      | Reached XP level 11. HP: 91/94 MP: 9/11
  8218 | D:9      | Paralysed by a hornet for 2 turns
  8394 | D:9      | Found a hazy altar of Hepliaklqana.
  8394 | D:9      | Found a snail-covered altar of Cheibriados.
  8534 | D:10     | Entered Level 10 of the Dungeon
  8675 | D:10     | Noticed a necromancer
  8676 | D:10     | Noticed a lich
  8676 | D:10     | Noticed benadryl's ghost (novice DgCj)
  8676 | D:10     | Noticed a skeletal warrior
  8677 | D:10     | Noticed a boulder beetle
  8677 | D:10     | Noticed a skeletal warrior
  9047 | D:10     | Found a runed translucent door.
  9049 | D:10     | Found a runed translucent door.
  9054 | D:10     | Noticed a frost giant
  9057 | D:10     | Noticed a boulder beetle
  9520 | D:11     | Noticed Amaemon
  9537 | D:11     | Killed Amaemon
  9538 | D:11     | Reached skill level 1 in Stealth
  9620 | D:11     | Noticed a two-headed ogre
  9640 | D:11     | Killed a two-headed ogre
  9714 | D:11     | Found a runed translucent gate.
  9714 | D:11     | Found a runed translucent gate.
  9715 | D:11     | Found a runed translucent gate.
  9718 | D:11     | Found a viscous altar of Jiyva.
  9718 | D:11     | Noticed Darkkill's ghost (journeyman MiHu)
  9879 | D:11     | Noticed Maurice
  9901 | D:11     | Killed Maurice
  9916 | D:11     | Reached skill level 10 in Fighting
  9988 | D:11     | Noticed a wizard
  9999 | D:11     | Noticed a wizard
 10008 | D:11     | Killed a wizard
 10010 | D:11     | Noticed a wizard
 10012 | D:11     | Killed a wizard
 10020 | D:11     | Killed a wizard
 10078 | D:11     | Noticed a wizard
 10082 | D:11     | Noticed a wizard
 10097 | D:11     | Killed a wizard
 10105 | D:11     | Killed a wizard
 10106 | D:11     | Found the +3 warlock's mirror {omnireflect}
 10204 | D:11     | Noticed a wizard
 10214 | D:11     | Killed a wizard
 10258 | D:11     | Noticed Harold
 10281 | D:11     | Killed Harold
 10282 | D:11     | Reached skill level 1 in Evocations
 10380 | D:11     | Noticed a wizard
 10392 | D:11     | Killed a wizard
 10427 | D:11     | Noticed a brown ugly thing
 10445 | D:11     | Killed a brown ugly thing
 10446 | D:11     | Reached skill level 5 in Dodging
 10446 | D:11     | Reached XP level 12. HP: 79/106 MP: 5/12
 10707 | D:11     | Noticed Urug
 10749 | D:11     | Slain by Urug

Illustrated notes

Levels and vault maps discovered:
D:1:      roderic_dead_forest, layout_basic, chequers_serial_rivers_micro_c,
          serial_park_tiny_pond
D:2:      layout_basic, serial_shops, shop, minmay_goblin_kobold_house
D:3:      layout_basic, mainiacjoe_overflow_alcove_4, old_standard_altar,
          yredelemnul_forgotten_temple_becter
D:4:      layout_cave_pools, nicolae_wu_jian_immortal_techniques,
          minmay_temple_entry_antechambers, gammafunk_ghost_nasty_kobolds,
          gup_sewer_entry_pipe
D:5:      kennysheep_kobold_camp, layout_basic, makhleb_altar_promises_db,
          fedhas_bush_and_centaur_altar
D:6:      layout_cave_pods, lemuel_doored_altar
D:7:      gammafunk_wand_slinger, layout_basic, marbit_many_paths,
          nicolae_gozag_cash_rules_everything_around_me, uniq_menkaure,
          uniq_maggie, uniq_prince_ribbit1
D:8:      layout_rooms, xom_shifter_show, vehumet_crystals, led_sif_book,
          grunt_decor_resistance
D:9:      layout_basic, kennysheep_little_box, jmf_multi_god_temple,
          lair_entry_dummy, uniq_joseph
D:10:     layout_irregular_city, muffindrake_ghost_dual_entry
D:11:     minmay_smoke_and_mirrors, layout_grid_maze, gammafunk_ghost_ooze,
          uniq_harold, uniq_urug, uniq_maurice, uniq_amaemon

Skill      XL: |  1  2  3  4  5  6  7  8  9 10 11 |
---------------+----------------------------------+-----
Long Blades    | 4 5 13 14 | 14.0
Fighting       | 4 5 7 8 10 | 10.0
Throwing       | 1 2 4 6 |  6.0
Shields        | 1 4 6 8 |  8.0
Dodging        | 5 |  5.1
Stealth        | 4 |  4.4
Evocations     | 2 |  2.3

Action                     |  1- 3 |  4- 6 |  7- 9 | 10-12 || total
---------------------------+-------+-------+-------+-------++-------
  Melee: Falchion          |   124 |   209 |   391 |       ||   724
         Tailslap          |    10 |    23 |    64 |    87 ||   184
         Punch             |       |     1 |       |       ||     1
         Long sword        |       |       |    28 |   476 ||   504
  Throw: Stone             |       |    11 |     4 |       ||    15
 Invoke: Berserk           |     1 |     1 |     5 |    12 ||    19
         Trog's Hand       |       |     1 |     2 |     6 ||     9
Ability: Breathe Noxious F |       |       |    15 |    22 ||    37
    Use: Scroll            |       |     8 |     7 |     6 ||    21
         Potion            |       |     4 |     7 |       ||    11
   Stab: Confused          |       |       |     8 |    36 ||    44
         Sleeping          |       |       |     1 |     3 ||     4
 Armour: Skin              |    45 |    68 |    96 |    82 ||   291
  Dodge: Dodged            |    87 |   110 |   173 |   153 ||   523
  Block: Buckler           |       |       |    42 |   116 ||   158
         Reflection        |       |       |       |     2 ||     2

Table legend: (Time is in decaauts)
 A = Elapsed time spent in this place.
 B = Non-inter-level travel time spent in this place.
 C = Inter-level travel time spent in this place.
 D = Time resting spent in this place.
 E = Time spent auto-exploring this place.
 F = Levels seen in this place.
 G = Mean time per level.
                   A        B        C        D        E       F      G
               +--------+--------+--------+--------+--------+-----+--------+
         Total |  10727 |  10264 |    463 |    768 |   7066 |  12 |  893.9 |
       Dungeon |  10053 |   9590 |    463 |    736 |   6704 |  11 |  913.9 |
         Sewer |    674 |    674 |      0 |     32 |    361 |   1 |  674.0 |
               +--------+--------+--------+--------+--------+-----+--------+

Top non-repeatable levels by time:
    D:11: 1438 daAuts
     D:9: 1312 daAuts
     D:2: 1167 daAuts
     D:4: 940 daAuts
     D:3: 903 daAuts
     D:6: 856 daAuts
    D:10: 762 daAuts
     D:8: 689 daAuts
     D:5: 688 daAuts
   Sewer: 674 daAuts
     D:7: 663 daAuts
     D:1: 629 daAuts
